 Dungeon Crawl Stone Soup version 0.25.0-11-g1f837a76a1 (webtiles) character file.

Game seed: 9910720845148809540

43316 Esekla the Covert (level 13, -14/57 HPs)
             Began as a Spriggan Skald on June 23, 2020.
             Was the Champion of Dithmenos.
             Demolished by Saint Roka
             ... wielding a +0 great mace
              (31 damage)
             ... on level 1 of the Orcish Mines on June 24, 2020.
             The game lasted 04:50:41 (25167 turns).

Esekla the Covert (Spriggan Skald)                 Turns: 25167, Time: 04:50:41

Health: -14/57     AC: 13    Str:  9    XL:     13   Next: 90%
Magic:  20/35      EV: 26    Int: 18    God:    Dithmenos [******]
Gold:   1549       SH:  0    Dex: 15    Spells: 18/35 levels left

rFire    + . .     SeeInvis +   a - +5 falchion (vamp)
rCold    . . .     Gourm    .   (shield restricted)
rNeg     . . .     Faith    +   Q - +4 troll leather armour
rPois    +         Spirit   .   (helmet restricted)
rElec    +         Reflect  .   s - +2 cloak {MR+}
rCorr    .         Harm     .   (gloves unavailable)
MR       +++..                  (boots unavailable)
Stlth    +++++++++.             i - amulet of faith
HPRegen  0.59/turn              V - ring of magical power
MPRegen  0.24/turn              t - ring of poison resistance

@: very slightly contaminated, wreathed by umbra, very quick
A: very small, unfitting armour, molten scales 1, see invisible, fire resistance
1, herbivore, speed 3, low mp 1, electricity resistance, slow metabolism 2
a: Shadow Step, Shadow Form, Renounce Religion


You were on level 1 of the Orcish Mines.
You worshipped Dithmenos.
Dithmenos was exalted by your worship.
You were hungry.

You visited 5 branches of the dungeon, and saw 20 of its levels.
You also visited: Gauntlet and Ice Cave.

You collected 1549 gold pieces.

Inventory:

Hand Weapons
 a - a +5 vampiric falchion (weapon)
 v - a +3 dagger of venom
 w - a +1 long sword of freezing
 z - a +2 short sword of freezing
 W - the +3 trident "Jatizyjo" {venom, Str+5}
   (You found it on level 3 of the Lair of Beasts)

   It poisons the flesh of those it strikes.
   It affects your strength (+5).
Missiles
 p - 62 poisoned darts (quivered)
 R - a boomerang
Armour
 f - +0 acid dragon scales
 s - a +2 cloak of magic resistance (worn)
 K - a +2 robe of positive energy
 Q - a +4 troll leather armour (worn)
 Z - a +2 robe of resistance
Jewellery
 g - a cursed amulet of inaccuracy {unknown}
 i - an amulet of faith (around neck)
 l - an uncursed ring of stealth
 t - a ring of poison resistance (right hand)
 J - an uncursed ring of ice
 S - a +6 ring of intelligence
 V - a ring of magical power (left hand)
 X - an uncursed ring of protection from cold
 Y - a +6 ring of dexterity
Wands
 b - a wand of iceblast (6)
 k - a wand of digging (7)
 E - a wand of polymorph (35)
 G - a wand of disintegration (14)
 I - a wand of flame (36)
 P - a wand of clouds (4)
 U - a wand of acid (12)
Scrolls
 c - a scroll of enchant armour
 e - a scroll of amnesia
 h - 12 scrolls of remove curse
 u - a scroll of blinking
 y - 2 scrolls of magic mapping
 C - 3 scrolls of fog
 H - 3 scrolls of teleportation
 L - 2 scrolls of fear
Potions
 m - 4 potions of curing
 o - 3 potions of stabbing
 r - 2 potions of resistance
 x - 2 potions of haste
 A - a potion of magic
 B - 3 potions of mutation
 D - 2 potions of flight
 F - a potion of lignification
 M - a potion of cancellation
 N - 2 potions of brilliance
 O - 2 potions of invisibility
 T - a potion of might
Miscellaneous
 n - a tin of tremorstones (3/3)
Comestibles
 d - 7 rations


   Skills:
 - Level 1.5 Fighting
 + Level 10.8(11.2) Short Blades
 * Level 3.7(6.5) Long Blades
 + Level 0.5 Polearms
 - Level 6.0 Throwing
 * Level 0.2 Armour
 + Level 12.1 Dodging
 - Level 12.7 Stealth
 * Level 11.5 Spellcasting
 + Level 5.4 Conjurations
 - Level 5.1 Charms
 - Level 5.2 Translocations
 + Level 5.4 Fire Magic
 + Level 6.1 Ice Magic
 + Level 4.5 Air Magic
 + Level 4.8 Poison Magic
 + Level 0.4 Invocations


You had 18 spell levels left.
You knew the following spells:

 Your Spells              Type           Power        Failure   Level  Hunger
a - Ozocubu's Armour      Chrm/Ice       ####....     2%          3    None
b - Blink                 Tloc           N/A          1%          2    None
c - Mephitic Cloud        Conj/Pois/Air  ####....     3%          3    None
d - Infusion              Chrm           ####         1%          1    None
g - Shroud of Golubria    Chrm/Tloc      ####..       1%          2    None
s - Song of Slaying       Chrm           ####....     1%          2    None
y - Sticky Flame          Conj/Fire      ####....     11%         4    ##.....

Your spell library contained the following spells:

 Spells                   Type           Power        Failure   Level  Hunger
 Foxfire                  Conj/Fire      ####         1%          1    None
 Magic Dart               Conj           ####         1%          1    None
 Conjure Flame            Conj/Fire      ####....     3%          3    None
 Sandblast                Erth           ##....       10%         1    None
 Inner Flame              Hex/Fire       ###.....     10%         3    None
 Recall                   Summ/Tloc      N/A          10%         3    None
 Spectral Weapon          Hex/Chrm       ###.....     10%         3    None
 Stone Arrow              Conj/Erth      ###...       10%         3    None
 Call Imp                 Summ           ##......     14%         2    None
 Passwall                 Tmut/Erth      ##......     14%         2    None
 Slow                     Hex            ##......     14%         2    None
 Fireball                 Conj/Fire      ####......   28%         5    ####...
 Animate Dead             Necr           N/A          67%         4    ##.....
 Petrify                  Tmut/Erth      ##......     67%         4    ##.....
 Borgnjor's Vile Clutch   Necr/Erth      ##........   95%         5    ####...
 Lee's Rapid Deconstruct  Erth           ##........   95%         5    ####...
 Simulacrum               Ice/Necr       ###.......   99%         6    ######.
 Death Channel            Necr           ##........   100%        6    ######.


Dungeon Overview and Level Annotations

Branches:
Dungeon (10/15)            Temple (1/1) D:6            Lair (6/6) D:8
 Shoals (1/4) Lair:4        Snake (0/4) Lair:3          Orc (2/2) D:10
    Elf (0/3) Orc:2         IceCv (visited)         Gauntlet (visited)
  Slime: Lair:5-6

Altars:
Ashenzari
Dithmenos
Hepliaklqana
Nemelex Xobeh
Okawaru
Ru
Sif Muna
Trog
Uskayaw
Xom
The Shining One
Beogh

Shops:
Orc:1 [

Annotations:
D:8 2 transporters, Gastronok; Matador8's ghost, novice NaSk
Lair:1 1 runed translucent door, Skimidon's ghost, journeyman HOFi
Lair:4 2 transporters, Aricsoirch's ghost, journeyman GrFi
Orc:1 Saint Roka


Innate Abilities, Weirdness & Mutations

You are very small and have problems with some larger weapons.
You are too small for most types of armour.
You have supernaturally acute eyesight. (SInv)
You are a herbivore.
You cover ground extremely quickly.
You need to consume almost no food.
You are partially covered in molten scales. (AC +2)
Your flesh is heat resistant. (rF+)
Your magical capacity is low. (-10% MP)
You are resistant to electric shocks. (rElec)


Message History

Saint Roka is heavily wounded.
Your shadow hits Saint Roka but does no damage.
Saint Roka burns!
Saint Roka completely misses you.
You hit Saint Roka.
Saint Roka is heavily wounded.
Your shadow hits Saint Roka with a falchion.
Saint Roka seems less confused.
Saint Roka burns!
Casting: Sticky Flame (dangerous; 11% risk of failure)
Confirm with . or Enter, or press ? or * to list all spells.
Aiming: Mephitic Cloud (dangerous; 3% risk of failure)
Press: ? - help, Shift-Dir - straight line, f/p - Saint Roka
Aim: Saint Roka, wielding a +0 great mace and wearing a +1 chain mail of cold resistance (black smoke, heavily wounded, covered in liquid flames, very poisoned, umbra)
The ball explodes into a vile cloud!
The stinking cloud engulfs Saint Roka but does no damage.
Saint Roka is heavily wounded.
The stinking cloud engulfs you but does no damage.
Saint Roka burns!
Saint Roka hits you with a +0 great mace!!
Ouch! That really hurt!
You die...

#....###.......##
##....###..###..##
....#####........#
[..###.##.#....###
..###...####...##
..###...###...§§##
.#)...#.....#.§§§##
#....###...##§§§§o#
##....#......§§#@##
###.....#...§§##.####
##....#.....##..#.##
#######....##.....#
##..#...§.#..###
#..###....##...#
##..#..#..#...##
##.o.##.....##
##.#.##[..##


You could see Saint Roka (burning, very poisoned).

Vanquished Creatures
  Donald (Orc:2)
  A minotaur (Gauntlet)
  7 hydras
  An orc high priest (Orc:2)
  Nergalle (Lair:1)
  An unseen horror (D:10)
  A necromancer (IceCv)
  3 orc knights
  4 orc sorcerers (Orc:2)
  5 black mambas
  3 ice statues (IceCv)
  7 spiny frogs
  Maggie (D:8)
  5 komodo dragons
  3 rime drakes
  8 ice devils (IceCv)
  A minotaur zombie (Gauntlet)
  A troll (Orc:2)
  A polar bear (Lair:5)
  A tyrant leech (Gauntlet)
  A hornet (Lair:1)
  7 hippogriffs
  10 blink frogs
  A snapping turtle (Lair:4)
  4 dream sheep (Lair:4)
  5 flying skulls (Gauntlet)
  A wraith (D:10)
  A spriggan (Lair:1)
  4 shadows (Gauntlet)
  2 wyverns
  16 yaks
  A hungry ghost (D:9)
  A human (D:10)
  Grum (D:9)
  3 basilisks
  Menkaure (D:4)
  2 wargs (D:10)
  Edmund (D:5)
  A naga (Lair:3)
  2 swamp worms (Gauntlet)
  5 porcupines
  9 water moccasins
  4 ice beasts
  17 orc warriors
  4 sky beasts
  2 black bears
  6 ogres
  A phantom (D:9)
  43 wolves
  A centaur (D:7)
  9 crocodiles
  A big kobold (D:9)
  12 bullfrogs
  A gnoll sergeant (D:10)
  A water moccasin skeleton (D:9)
  3 scorpions
  6 killer bees
  9 wights
  An electric eel (Lair:1)
  5 howler monkeys
  6 crimson imps
  2 draconian simulacra (IceCv)
  8 hounds
  3 jellies
  20 orc wizards
  Crazy Yiuf (D:2)
  17 orc priests
  A bullfrog skeleton (D:10)
  Terence (D:2)
  3 worker ants
  5 iguanas
  4 troll simulacra (IceCv)
  A centaur simulacrum (IceCv)
  2 hound zombies
  2 worker ant zombies
  9 gnolls
  16 adders
  2 naga simulacra (IceCv)
  An ogre simulacrum (IceCv)
  2 shadow imps (D:7)
  An adder zombie (D:7)
  3 adder skeletons
  2 worms (D:3)
  2 dart slugs
  3 leopard geckos
  79 orcs
  8 bats
  9 giant cockroaches
  5 goblins
  9 hobgoblins
  7 jackals
  11 kobolds
  8 quokkas
  2 ball pythons (D:5)
  3 frilled lizards
  A jackal skeleton (D:5)
  A quokka skeleton (D:8)
  A quokka zombie (D:5)
  9 rats
  A bush (D:2)
532 creatures vanquished.

Vanquished Creatures (others)
  A gnoll (D:10)
  16 fungi
  18 plants
35 creatures vanquished.

Grand Total: 567 creatures vanquished

Notes
Turn   | Place    | Note
-------+----------+-------------------------------------------
     0 | D:1      | Esekla the Spriggan Skald began the quest for the Orb.
     0 | D:1      | Reached XP level 1. HP: 10/10 MP: 5/5
    62 | D:2      | Found a faded altar of an unknown god.
    74 | D:2      | Became a worshipper of Dithmenos the Shadowed
    74 | D:2      | Reached * piety under Dithmenos
   681 | D:1      | Reached XP level 2. HP: 14/14 MP: 6/6
  1203 | D:1      | Reached XP level 3. HP: 18/18 MP: 8/8
  1438 | D:2      | Reached skill level 5 in Dodging
  1664 | D:2      | Found a hazy altar of Hepliaklqana.
  1693 | D:2      | Reached ** piety under Dithmenos
  1869 | D:2      | Found a glowing golden altar of the Shining One.
  1870 | D:2      | Noticed Terence
  1899 | D:2      | Killed Terence
  1899 | D:2      | Reached XP level 4. HP: 22/22 MP: 9/9
  1971 | D:2      | Found a runed translucent door.
  1972 | D:2      | Noticed Crazy Yiuf
  2002 | D:2      | Killed Crazy Yiuf
  2002 | D:2      | Reached skill level 1 in Short Blades
  2210 | D:3      | Reached skill level 1 in Throwing
  2460 | D:3      | Reached XP level 5. HP: 21/25 MP: 10/10
  2596 | D:3      | Learned a level 2 spell: Shroud of Golubria
  2599 | D:3      | Learned a level 2 spell: Song of Slaying
  2603 | D:3      | Learned a level 3 spell: Ozocubu's Armour
  2797 | D:4      | Found an iron altar of Okawaru.
  2961 | D:4      | Reached *** piety under Dithmenos
  3024 | D:4      | Reached XP level 6. HP: 30/30 MP: 11/11
  3138 | D:4      | Reached skill level 1 in Translocations
  3208 | D:4      | Reached skill level 1 in Ice Magic
  3348 | D:4      | Found a hide-covered altar of Uskayaw.
  3428 | D:4      | Noticed Menkaure
  3509 | D:5      | Entered Level 5 of the Dungeon
  3691 | D:5      | Reached XP level 7. HP: 33/33 MP: 12/12
  3963 | D:5      | Found a bloodstained altar of Trog.
  4236 | D:4      | Killed Menkaure
  4527 | D:5      | Noticed Edmund
  4689 | D:5      | Killed Edmund
  4933 | D:6      | Reached skill level 5 in Short Blades
  4941 | D:6      | Reached skill level 5 in Stealth
  4993 | D:6      | Found a shimmering blue altar of Sif Muna.
  5022 | D:5      | Reached XP level 8. HP: 37/37 MP: 13/13
  5114 | D:6      | Found a sacrificial altar of Ru.
  5198 | D:6      | Found a staircase to the Ecumenical Temple.
  5223 | Temple   | Entered the Ecumenical Temple
  5564 | D:7      | Reached **** piety under Dithmenos
  5834 | D:7      | Reached XP level 9. HP: 41/41 MP: 14/14
  5840 | D:7      | Learned a level 4 spell: Sticky Flame
  6335 | D:8      | Found a transporter.
  6372 | D:8      | Noticed Maggie
  6808 | D:8      | Noticed Gastronok
  6839 | D:8      | Reached ***** piety under Dithmenos
  7313 | D:8      | Found a transporter.
  7313 | D:8      | Noticed Matador8's ghost (novice NaSk)
  7572 | D:8      | Killed Maggie
  7833 | D:8      | Found a staircase to the Lair.
  8211 | Lair:1   | Entered Level 1 of the Lair of Beasts
  8549 | D:8      | Reached XP level 10. HP: 25/46 MP: 16/16
  9319 | Lair:1   | Reached skill level 5 in Ice Magic
  9464 | Lair:1   | Noticed a black mamba
  9733 | Lair:1   | Noticed a spiny frog
  9963 | Lair:1   | Reached skill level 10 in Stealth
 10127 | Lair:1   | Found a runed translucent door.
 10128 | Lair:1   | Noticed Skimidon's ghost (journeyman HOFi)
 10148 | Lair:1   | Noticed Nergalle
 10362 | Lair:1   | Noticed a spiny frog
 10584 | Lair:1   | Noticed a spriggan rider
 11098 | Lair:1   | Reached skill level 1 in Fire Magic
 11274 | Lair:1   | Reached skill level 10 in Short Blades
 11375 | Lair:1   | Reached skill level 1 in Conjurations
 11502 | Lair:2   | Noticed a spiny frog
 11787 | Lair:2   | Gained mutation: You are weak. (Str -2) [potion of
                  | mutation]
 11787 | Lair:2   | Lost mutation: You are weak. (Str -2) [potion of mutation]
 11787 | Lair:2   | Gained mutation: Your spells are a little harder to cast,
                  | but a little more powerful. [potion of mutation]
 11787 | Lair:2   | Gained mutation: You are partially covered in molten
                  | scales. (AC +2) [potion of mutation]
 11902 | Lair:2   | Noticed a black mamba
 11912 | Lair:2   | Killed a black mamba
 11912 | Lair:2   | Reached skill level 10 in Dodging
 11912 | Lair:2   | Reached XP level 11. HP: 49/49 MP: 15/18
 12159 | D:9      | Found a sacrificial altar of Ru.
 12343 | D:9      | Got a translucent trident
 12344 | D:9      | Identified the +4 trident "Cowo" {drain, rElec} (You found
                  | it on level 9 of the Dungeon)
 12605 | D:9      | Noticed Grum
 13445 | D:9      | Learned a level 3 spell: Mephitic Cloud
 13448 | D:9      | Learned a level 2 spell: Blink
 13517 | D:9      | Reached skill level 5 in Spellcasting
 13535 | D:9      | Killed Grum
 14069 | Lair:2   | Reached skill level 5 in Throwing
 14188 | Lair:3   | Noticed a five-headed hydra
 14224 | Lair:3   | Got a brightly glowing trident
 14225 | Lair:3   | Identified the +3 trident "Jatizyjo" {venom, Str+5} (You
                  | found it on level 3 of the Lair of Beasts)
 14229 | Lair:3   | Found a frozen archway.
 14250 | Lair:3   | Reached skill level 5 in Translocations
 14253 | Lair:3   | Reached skill level 1 in Air Magic
 14253 | Lair:3   | Reached skill level 1 in Poison Magic
 14283 | IceCv    | Entered an ice cave
 14442 | IceCv    | Reached ****** piety under Dithmenos
 14709 | IceCv    | Reached skill level 5 in Charms
 15679 | IceCv    | Noticed a necromancer
 15687 | IceCv    | Killed a necromancer
 15709 | IceCv    | Got a masterwork arbalest
 15959 | Lair:3   | Noticed a six-headed hydra
 15984 | Lair:3   | Reached XP level 12. HP: 53/53 MP: 22/22
 16040 | Lair:3   | Killed a six-headed hydra
 16208 | Lair:3   | Killed a five-headed hydra
 16968 | Lair:3   | Found a staircase to the Snake Pit.
 16973 | Lair:3   | Noticed a five-headed hydra
 17217 | Lair:4   | Found a transporter.
 17217 | Lair:4   | Noticed a five-headed hydra
 17221 | Lair:4   | Identified the +6 quick blade of the Demagogue {antimagic,
                  | *Corrode rElec rPois Str+4}
 17223 | Lair:4   | Killed a five-headed hydra
 18161 | Lair:4   | Found a transporter.
 18161 | Lair:4   | Identified the +5 trident "Mepreano" {vamp, rPois Str-4
                  | Dex+7}
 18176 | Lair:4   | Found a bloodstained altar of Trog.
 18181 | Lair:4   | Noticed Aricsoirch's ghost (journeyman GrFi)
 18226 | Lair:4   | Found a staircase to the Shoals.
 18256 | Shoals:1 | Entered Level 1 of the Shoals
 18747 | Lair:5   | Noticed a five-headed hydra
 19101 | Lair:5   | Noticed a seven-headed hydra
 19223 | Lair:5   | Found the +8 orange crystal plate armour {Archmagi, Int+3
                  | Clar}
 19281 | Lair:4   | Killed a seven-headed hydra
 19281 | Lair:4   | Reached skill level 5 in Fire Magic
 19398 | Lair:4   | Killed a five-headed hydra
 19723 | Lair:5   | Reached XP level 13. HP: 45/57 MP: 27/27
 20250 | Lair:6   | Entered Level 6 of the Lair of Beasts
 21338 | Lair:1   | Killed Nergalle
 21338 | Lair:1   | Reached skill level 10 in Spellcasting
 21528 | D:10     | Entered Level 10 of the Dungeon
 21536 | D:10     | Found a staircase to the Orcish Mines.
 22159 | D:10     | Found a roughly hewn altar of Beogh.
 22631 | Orc:1    | Entered Level 1 of the Orcish Mines
 22881 | Orc:1    | Found Xeemur's Antique Armour Shop.
 23131 | Orc:2    | Entered Level 2 of the Orcish Mines
 23187 | Orc:2    | Noticed Saint Roka
 23194 | Orc:2    | Found a staircase to the Elven Halls.
 23244 | Orc:2    | Noticed Donald
 23247 | Orc:2    | Reached skill level 5 in Conjurations
 23279 | Orc:2    | Killed Donald
 23293 | Orc:2    | Found a gate leading to a gauntlet.
 23320 | Orc:2    | Lost mutation: Your spells are a little harder to cast, but
                  | a little more powerful. [potion of mutation]
 23320 | Orc:2    | Gained mutation: You are resistant to electric shocks.
                  | (rElec) [potion of mutation]
 23320 | Orc:2    | Gained mutation: Your magical capacity is low. (-10% MP)
                  | [potion of mutation]
 23320 | Orc:2    | Gained mutation: Your flesh is heat resistant. (rF+)
                  | [potion of mutation]
 23324 | Gauntlet | Entered a Gauntlet
 23324 | Gauntlet | Found a runed translucent door.
 23324 | Gauntlet | Found a transporter.
 23324 | Gauntlet | Found a runed translucent door.
 23333 | Gauntlet | Found a transporter.
 23335 | Gauntlet | Found a transporter.
 23345 | Gauntlet | Found a transporter.
 23370 | Gauntlet | Found a transporter.
 23371 | Gauntlet | Found the cursed necklace of Bloodlust {*Rage +Rage MR++
                  | Int-3 Slay+6 *Curse}
 23386 | Gauntlet | Found a transporter.
 23390 | Gauntlet | Found a transporter.
 23392 | Gauntlet | Found a transporter.
 23406 | Gauntlet | Found a transporter.
 23413 | Gauntlet | Found a transporter.
 23414 | Gauntlet | Noticed a reaper
 23419 | Gauntlet | Found a transporter.
 23420 | Gauntlet | Found a transporter.
 23460 | Gauntlet | Found a transporter.
 23464 | Gauntlet | Found a runed translucent door.
 23478 | Gauntlet | Found a transporter.
 24227 | Gauntlet | Noticed a minotaur
 24257 | Gauntlet | Killed a minotaur
 24565 | Orc:1    | Upgraded the game from 0.25.0-10-g039870ee82 to
                  | 0.25.0-11-g1f837a76a1
 25167 | Orc:1    | Demolished by Saint Roka

Illustrated notes

Levels and vault maps discovered:
D:1:      minmay_arrival_solitary_statue, layout_loops_ring,
          minmay_misc_feat_room
D:2:      layout_rooms, nicolae_tso_carved_into_rock,
          nicolae_overflow_hidden_temple, chequers_ecumenical_altar_simple,
          minivault_27, uniq_crazy_yiuf_cottage, uniq_terence
D:3:      layout_rooms
D:4:      wad_river_or_something, layout_gridville,
          eat_drink_and_be_merry_uskayaw, okawaru_ov_weapons_minmay,
          uniq_menkaure
D:5:      layout_loops_ring, lemuel_round_altar, first_ration, uniq_edmund
D:6:      layout_loops_ring, overflow_temple_1_default, kennysheep_mini_moat,
          minmay_temple_entry_stoned_glass
D:7:      layout_gridville
D:8:      layout_layer_cave, lair_entry_dummy, gammafunk_ghost_mausoleum,
          uniq_maggie, uniq_gastronok
D:9:      layout_small_grid, basic_altar, uniq_grum
D:10:     layout_roguey, erik_orc_4, grunt_pizzeria, david_defended_altar_orc
Temple:   eino_temple_scatter_basement
Lair:1:   minmay_lair_venomous_thicket, layout_gridlike,
          ebering_ghost_inner_flame, grunt_forest_large_clearings,
          serial_bayou_shore_a, uniq_nergalle
Lair:2:   layout_cave_pods, grunt_megastairs_3, infiniplex_staircase_pool_2,
          serial_bayou_shore_b
Lair:3:   layout_chaotic_city, guppyfry_snake_entry_island, portal_ice_cave_rime
Lair:4:   layout_regular_city, minmay_shoals_entry_hut,
          gammafunk_ghost_wrathful_warriors
Lair:5:   wander_river, layout_hall_layers
Lair:6:   due_jungle_book, layout_loops_ring, nicolae_slime_entry_slimehenge,
          serial_forest, infiniplex_forest_corner_1,
          infiniplex_forest_clump_cross, infiniplex_forest_clump_curved,
          infiniplex_forest_zigzag_1, infiniplex_forest_end_double,
          infiniplex_forest_clump_diagonal, infiniplex_forest_end_3,
          minmay_lair_oklob_chamber, serial_bayou_shore_b
Shoals:1: layout_shoals
Orc:1:    layout_diamond_mine, serial_shops, shop
Orc:2:    grunt_orc_tribal_feast, layout_diamond_mine, gauntlet_entry_generic,
          abandoned_shop, minmay_orc_barracks, uniq_saint_roka, uniq_donald

Skill      XL: |  1  2  3  4  5  6  7  8  9 10 11 12 13 |
---------------+----------------------------------------+-----
Dodging        | 4 5 6 7 8 10 12 | 12.1
Long Blades    | 2 3 |  3.7
Spellcasting   | 3 4 6 9 11 | 11.5
Stealth        | 2 3 4 5 6 9 11 12 | 12.7
Short Blades   | 1 2 3 5 6 8 10 | 10.8
Throwing       | 1 2 3 4 5 6 |  6.0
Translocations | 2 3 4 5 |  5.2
Ice Magic      | 1 2 4 5 6 |  6.1
Fire Magic     | 1 3 5 |  5.4
Conjurations   | 1 3 4 5 |  5.4
Air Magic      | 2 3 4 |  4.5
Poison Magic   | 1 4 |  4.8
Charms         | 5 |  5.1
Fighting       | |  1.5
Polearms       | |  0.5
Armour         | |  0.2
Invocations    | |  0.4

Action                   |  1- 3 |  4- 6 |  7- 9 | 10-12 | 13-15 || total
-------------------------+-------+-------+-------+-------+-------++-------
Melee: Falchion          |    59 |       |     6 |       |   110 ||   175
       Dagger            |    35 |   177 |   387 |   674 |   486 ||  1759
       Short sword       |       |       |     7 |       |     9 ||    16
       Long sword        |       |       |       |    29 |     2 ||    31
       Trident           |       |       |       |    10 |     6 ||    16
Throw: Dart              |    14 |    23 |    37 |   105 |    46 ||   225
       Boomerang         |       |       |       |    42 |    12 ||    54
 Cast: Shroud of Golubri |       |     2 |     2 |    65 |    39 ||   108
       Ozocubu's Armour  |       |       |     1 |     3 |     7 ||    11
       Sticky Flame      |       |       |       |    36 |    26 ||    62
       Blink             |       |       |       |    14 |     3 ||    17
       Mephitic Cloud    |       |       |       |     6 |    38 ||    44
       Infusion          |       |       |       |       |     5 ||     5
       Song of Slaying   |       |       |       |       |     5 ||     5
Invok: Shadow Step       |       |       |     2 |     2 |     1 ||     5
Evoke: Wand              |       |       |       |     2 |       ||     2
  Use: Scroll            |     3 |     2 |     4 |    13 |    16 ||    38
       Potion            |       |       |     3 |     1 |     7 ||    11
 Stab: Sleeping          |     1 |    12 |    31 |    33 |    25 ||   102
       Distracted        |       |     1 |     4 |    10 |     1 ||    16
       Confused          |       |       |       |     4 |    17 ||    21
       Invisible         |       |       |       |       |     4 ||     4
  Eat: Ration            |       |       |     2 |    10 |     3 ||    15
Armor: Robe              |     8 |     3 |    29 |    57 |    45 ||   142
       Troll leather arm |       |       |       |       |     7 ||     7
Dodge: Dodged            |    97 |    84 |   241 |   626 |   499 ||  1547
       Rpst.: Falchion   |    25 |       |     3 |       |    32 ||    60
       Long sword        |       |       |       |     8 |       ||     8
